 Dungeon Crawl Stone Soup version 0.24.0-28-g17ded55e90 (webtiles) character file.

Game seed: 14598339737441532601, levelgen mode: deterministic

142 Delamore the Chopper (level 5, 0/45 HPs)
             Began as a Hill Orc Fighter on Nov 11, 2019.
             Killed by divine providence
             ... invoked by an orc priest
              (11 damage)
             ... on level 3 of the Dungeon.
             The game lasted 00:02:42 (2183 turns).

Delamore the Chopper (Hill Orc Fighter)             Turns: 2183, Time: 00:02:43

Health: 0/45       AC: 10    Str: 20    XL:     5   Next: 25%
Magic:  5/5        EV:  7    Int:  8    God:
Gold:   133        SH:  9    Dex: 10    Spells: 4/4 levels left

rFire    . . .     SeeInvis .   a - +0 war axe
rCold    . . .     Gourm    .   c - +0 shield
rNeg     . . .     Faith    .   b - +0 scale mail
rPois    .         Spirit   .   (no helmet)
rElec    .         Reflect  .   (no cloak)
rCorr    .         Harm     .   k - +2 pair of gloves
MR       +....     Rnd*Tele +   (no boots)
Stlth    ..........             (no amulet)
HPRegen  0.15/turn              j - ring of protection from magic
MPRegen  0.09/turn              m - ring of teleportation (curse)

@: no status effects
A: no striking features
a: Convert to Beogh


You were on level 3 of the Dungeon.
You were not hungry.

You visited 1 branch of the dungeon, and saw 3 of its levels.

You collected 133 gold pieces.

Inventory:

Hand Weapons
 a - a +0 war axe (weapon)
Missiles
 i - 5 atropa-tipped darts (quivered)
Armour
 b - a +0 scale mail (worn)
 c - a +0 shield (worn)
 k - a +2 pair of gloves (worn)
 w - a +0 cloak
Jewellery
 j - a ring of protection from magic (left hand)
 m - a cursed ring of teleportation (right hand)
Scrolls
 e - 2 scrolls of enchant weapon {unknown}
 o - a scroll of remove curse {unknown}
 q - 3 scrolls of identify {unknown}
 r - 3 scrolls of teleportation {unknown}
 t - 2 scrolls of random uselessness {unknown}
 u - a scroll of amnesia {unknown}
 x - a scroll of immolation {unknown}
Potions
 d - 2 potions of might
 g - 2 potions of haste
 h - 2 potions of agility {unknown}
 l - 2 potions of degeneration {unknown}
 n - a potion of mutation {unknown}
 p - a potion of magic {unknown}
 s - 3 potions of lignification {unknown}
 v - a potion of ambrosia {unknown}
Comestibles
 f - 2 rations


   Skills:
 - Level 3.6 Fighting
 + Level 7.0 Axes
 - Level 3.2 Armour
 - Level 3.2 Shields


You had 4 spell levels left.
You didn't know any spells.
Your spell library was empty.

Dungeon Overview and Level Annotations

Branches:
Dungeon (3/15)

Altars:
Ashenzari


Message History

You are too injured to fight recklessly!
You are too injured to fight recklessly!
Unknown command.
You closely miss the orc priest.
The orc priest is almost dead.
The orc priest shouts, "Join the one true god or die!"
You hit the frilled lizard.
You kill the frilled lizard!
The orc priest shouts, "Join the one true god or die!"
The orc priest invokes the aid of Beogh against you.
Beogh smites you!
* * * LOW HITPOINT WARNING * * *
The orc priest hits you with a +0 whip.
* * * LOW HITPOINT WARNING * * *
You hit the orc priest but do no damage.
The orc priest is almost dead.
You hit the worm.
The orc priest calls down the wrath of Beogh upon you.
Beogh smites you!
You die...

......).# ..#
#........
..######........
......####....#.
......# #....#.
......# #....+.
.(....# #....#.
#####w.....#
#....##
#...@o......
#....
#.......?...
#...........
#...........
#...........
#...........
#...........
#...........
#...........


You could see a worm and an orc priest.

Vanquished Creatures
  Crazy Yiuf (D:2)
  Terence (D:2)
  3 adders
  A worm (D:3)
  A dart slug (D:1)
  3 leopard geckos
  3 orcs (D:3)
  A ball python (D:2)
  A giant cockroach (D:3)
  8 goblins
  7 hobgoblins
  5 kobolds
  A quokka (D:2)
  6 bats
  4 frilled lizards
  6 rats
52 creatures vanquished.

Notes
Turn   | Place    | Note
-------+----------+-------------------------------------------
     0 | D:1      | Delamore the Hill Orc Fighter began the quest for the Orb.
     0 | D:1      | Reached XP level 1. HP: 19/19 MP: 1/1
    33 | D:1      | Reached skill level 3 in Axes
   188 | D:1      | Reached XP level 2. HP: 22/26 MP: 2/2
   286 | D:1      | Reached skill level 4 in Axes
   916 | D:2      | Reached XP level 3. HP: 30/31 MP: 3/3
   966 | D:2      | Found a shattered altar of Ashenzari.
  1177 | D:2      | Found a runed translucent door.
  1178 | D:2      | Noticed Crazy Yiuf
  1225 | D:2      | Reached skill level 5 in Axes
  1229 | D:2      | Noticed Terence
  1235 | D:2      | Killed Terence
  1235 | D:2      | Reached XP level 4. HP: 26/39 MP: 4/4
  1596 | D:2      | Reached skill level 6 in Axes
  2013 | D:2      | Killed Crazy Yiuf
  2072 | D:3      | Reached XP level 5. HP: 45/45 MP: 5/5
  2176 | D:3      | Reached skill level 7 in Axes
  2183 | D:3      | Killed from afar by an orc priest

Levels and vault maps discovered:
D:1:      dpeg_arrival_chambers_temple_mockup, layout_basic
D:2:      layout_loops_ring, nicolae_ashenzari_panopticon,
          minmay_misc_feat_doors, amethyst_killhole,
          kennysheep_cross_bottleneck, uniq_terence, uniq_crazy_yiuf_cottage
D:3:      layout_basic

Skill      XL: |  1  2  3  4  5 |
---------------+----------------+-----
Axes           | 3 4 5 6 7 |  7.0
Fighting       | |  3.6
Armour         | |  3.2
Shields        | |  3.2

Action                   |  1- 3 |  4- 6 || total
-------------------------+-------+-------++-------
Melee: War axe           |    93 |    72 ||   165
  Eat: Ration            |       |     1 ||     1
       Chunk             |       |     1 ||     1
Armor: Scale mail        |    66 |    30 ||    96
Dodge: Dodged            |    29 |    18 ||    47
Block: Shield            |    66 |    31 ||    97
